 Dungeon Crawl Stone Soup version 0.29.1-2-gbd0b4ee654 (webtiles) character file.

Game seed: 6537360172809442638

60 Anriel the Covered (level 4, -2/29 HPs)
             Began as a Gargoyle Fighter on Oct 26, 2022.
             Slain by a gnoll
             ... wielding a +0 halberd
              (11 damage)
             ... on level 2 of the Dungeon.
             The game lasted 00:07:01 (1284 turns).

Anriel the Covered (Gargoyle Fighter)               Turns: 1284, Time: 00:07:01

Health: -2/29      AC: 11    Str: 21    XL:     4   Next: 6%
Magic:  4/4        EV:  9    Int:  9    God:
Gold:   82         SH:  4    Dex:  9    Spells: 3/3 levels left

rFire   . . .      SeeInvis .   a - +0 flail
rCold   . . .      Faith    .   c - +0 buckler
rNeg    + . .      Spirit   .   b - +0 scale mail
rPois   ∞          Reflect  .   (no helmet)
rElec   +          Harm     .   (no cloak)
rCorr   .          Rampage  .   (no gloves)
Will    .....                   i - +0 pair of boots
Stlth   ..........              (no amulet)
HPRegen 0.09/turn               (no ring)
MPRegen 0.09/turn               (no ring)

@: no status effects
A: sickness immunity, AC +3, negative energy resistance 1, electricity
resistance, torment resistance 1, petrification resistance
a: no special abilities


You were on level 2 of the Dungeon.
You visited 1 branch of the dungeon, and saw 2 of its levels.

You collected 122 gold pieces.
You spent 40 gold pieces at shops.

Inventory:

Hand Weapons
 a - a +0 flail (weapon)
Missiles
 n - 6 boomerangs (quivered)
Armour
 b - a +0 scale mail (worn)
 c - a +0 buckler (worn)
 i - a +0 pair of boots (worn)
Scrolls
 e - a scroll of enchant armour {unknown}
 g - 3 scrolls of identify
 h - a scroll of fear {unknown}
 j - a scroll of brand weapon {unknown}
 k - a scroll of teleportation {unknown}
 m - a scroll of vulnerability {unknown}
Potions
 d - 3 potions of might
 f - a potion of brilliance {unknown}
 l - a potion of lignification {unknown}
 o - a potion of berserk rage {unknown}


   Skills:
 + Level 3.8 Fighting
 + Level 2.6 Maces & Flails
 * Level 0.2 Throwing
 * Level 4.0 Armour
 - Level 0.1 Stealth
 * Level 3.7 Shields


You had 3 spell levels left.
You didn't know any spells.
Your spell library contained the following spells:

 Spells                   Type           Power      Damage    Failure   Level
 Call Canine Familiar     Summ           0%         N/A       99%         3
 Portal Projectile        Hex/Tloc       0%         N/A       99%         3
 Leda's Liquefaction      Hex/Erth       0%         N/A       100%        4


Dungeon Overview and Level Annotations

Branches:
Dungeon (2/15)

Altars:

Shops:
D:1 ?


Innate Abilities, Weirdness & Mutations

You are immune to sickness and miasma.
Your stone body is resilient. (AC +3)
You are immune to poison.
You resist negative energy. (rN+)
You are resistant to electric shocks. (rElec)
You are resistant to unholy torment.
You are immune to petrification.


Message History

You hit the gnoll.
The gnoll is severely wounded.
The gnoll hits you with a +0 flail! The gnoll misses you.
You hit the gnoll.
The gnoll is almost dead.
The gnoll hits you but does no damage. The gnoll closely misses you.
You closely miss the gnoll.
The gnoll is almost dead.
The gnoll closely misses you.
The gnoll hits you from afar with a +0 spear.
You sock the gnoll!
You kill the gnoll!
You block the gnoll's attack. The gnoll hits you but does no damage.
Your Armour skill increases to level 4!
You have reached level 4!
You feel clever. The gnoll barely misses you. The gnoll closely misses you.
Things that are here:
a +0 flail; a gnoll corpse; an adder corpse You hit the gnoll.
The gnoll is moderately wounded.
The gnoll hits you with a +0 spear. The gnoll completely misses you.
You closely miss the gnoll.
The gnoll is moderately wounded.
The gnoll hits you but does no damage. x2
You barely miss the gnoll.
The gnoll is moderately wounded.
The gnoll barely misses you.
The gnoll hits you from afar with a +0 halberd.
You block the gnoll's attack. The gnoll hits you with a +0 spear.
You hit the gnoll.
The gnoll is severely wounded.
The gnoll hits you but does no damage. You block the gnoll's attack.
You barely miss the gnoll.
The gnoll is severely wounded.
The gnoll barely misses you. x2
You hit the gnoll.
You kill the gnoll!
The gnoll hits you from afar with a +0 halberd!
You die...

.|.#########........#
.).#.....>..........# ...#
.............#########...#.
.............# .......
......######## .......
#.....# !......
......######## .......
)#####.......#######.......
.....'.......'..@)g'(.(.(.!
.###.#.......#######.......
.# #.#.......# .......
.###.#.......# ..g....
.....#.......# .......
####'#.......# ....(.#
#.........# ......#
#.........# ......#
#.........#


You could see a gnoll.

Vanquished Creatures
  2 gnolls (D:2)
  2 adders (D:2)
  A dart slug (D:1)
  2 bats (D:1)
  3 endoplasms (D:1)
  4 giant cockroaches (D:1)
  A goblin (D:1)
  4 hobgoblins (D:1)
  2 quokkas
  3 ball pythons
  A frilled lizard (D:1)
  2 kobolds
  4 rats
31 creatures vanquished.

Notes
Turn   | Place    | Note
-------+----------+-------------------------------------------
     0 | D:1      | Anriel the Gargoyle Fighter began the quest for the Orb.
     0 | D:1      | Reached XP level 1. HP: 14/14 MP: 1/1
   200 | D:1      | Reached XP level 2. HP: 19/19 MP: 2/2
   476 | D:1      | Reached XP level 3. HP: 20/24 MP: 3/3
   610 | D:1      | Found Gupof's Magic Scroll Boutique.
   633 | D:1      | Bought a scroll of identify for 20 gold pieces
   633 | D:1      | Bought a scroll of identify for 20 gold pieces
   830 | D:1      | You fall into a shaft and drop 1 floor!
   864 | D:2      | Found a faded altar of an unknown god.
  1278 | D:2      | Reached skill level 4 in Armour
  1278 | D:2      | Reached XP level 4. HP: 13/29 MP: 4/4
  1284 | D:2      | Slain by a gnoll

Illustrated notes

Levels and vault maps discovered:
D:1:      dpeg_arrival_renting, layout_basic, serial_shops, shop_coins
D:2:      layout_basic, ebering_ecumenical_altar_box, minmay_misc_feat_encased,
          st_stairs_7

Skill      XL: |  1  2  3 |
---------------+----------+-----
Armour         | 4 |  4.0
Fighting       | |  3.8
Maces & Flails | |  2.6
Throwing       | |  0.2
Stealth        | |  0.1
Shields        | |  3.7

Action                   |  1- 3 |  4- 6 || total
-------------------------+-------+-------++-------
Melee: Flail             |   104 |     6 ||   110
Throw: Dart              |     7 |       ||     7
       Boomerang         |     1 |       ||     1
Armor: Scale mail        |    76 |     3 ||    79
Dodge: Dodged            |    77 |     6 ||    83
Block: Buckler           |    28 |     2 ||    30
